cohdb
Replays
Latest Replays
All Replays
Popular Replays
Top Player Replays
Match Explorer
How It Works
Community
CoH3 Stats
Reddit
Sign in to upload your games and track your stats! →
Sign in with Steam
Match 43260230
Unlisted
Match 43260230
Overview
Messages
Build Orders
End
Engineer Squad
Construct Barracks
Riflemen Squad
Selects Special Operations Battlegroup
Selects M29 Weasel Recon Vehicle
M29 Weasel Recon Vehicle
Riflemen Squad
Construct Weapon Support Center
Infantry Support Center
M1919 Machine Gun Team
Construct Medical Station
Grenade Package
Riflemen Squad
M3 Armored Personnel Carrier
Selects Raiding Flares
Selects SSF Commando Squad
SSF Commando Squad
Lt. Duckworth
Patrick
insane
iceman
0
0
Comments
sign in to comment!
No comments posted yet!